 Dungeon Crawl Stone Soup version 0.21-a0-283-g622b906 (webtiles) character file.

139 KristoblXynda the Cutter (level 5, -3/32 HPs)
             Began as a Kobold Berserker on Sept 24, 2017.
             Was a Believer of Trog.
             Slain by a gnoll
             ... wielding a +0 halberd
              (11 damage)
             ... on level 4 of the Dungeon.
             The game lasted 00:04:34 (2595 turns).

KristoblXynda the Cutter (Kobold Berserker)         Turns: 2595, Time: 00:04:34

Health: -3/32      AC:  3    Str: 16    XL:     5   Next: 46%
Magic:  5/5        EV: 16    Int:  8    God:    Trog [**....]
Gold:   155        SH:  0    Dex: 14    Spells: 4/4 levels left

rFire    . . .     SeeInvis .   a - +0 short sword
rCold    . . .     Gourm    .   (shield restricted)
rNeg     . . .     Faith    .   x - +0 leather armour
rPois    .         Spirit   .   (no helmet)
rElec    .         Reflect  .   (no cloak)
rCorr    .         Harm     .   (no gloves)
MR       .....                  (no boots)
Stlth    +++.......             (no amulet)
HPRegen  0.10/turn              k - ring of stealth
MPRegen  0.09/turn              n - ring of flight

@: berserk cooldown, slowed, very slow
A: carnivore 3
a: Berserk, Trog's Hand, Burn Spellbooks, Renounce Religion, Evoke Flight


You were on level 4 of the Dungeon.
You worshipped Trog.
Trog was pleased with you.
You were very full.

You visited 1 branch of the dungeon, and saw 3 of its levels.

You collected 155 gold pieces.

Inventory:

Hand Weapons
 a - a +0 short sword (weapon)
Armour
 x - a +0 leather armour (worn)
Jewellery
 k - a ring of stealth (left hand)
 n - a ring of flight (right hand)
Wands
 t - a wand of flame (12/48)
Scrolls
 e - a scroll of immolation {unknown}
 f - 7 scrolls of teleportation {unknown}
 g - a scroll of noise {unknown}
 i - a scroll of enchant weapon {unknown}
 j - a scroll of recharging {unknown}
 q - 2 scrolls of remove curse {unknown}
 r - 3 scrolls of identify {unknown}
 u - a scroll of enchant armour {unknown}
Potions
 h - a potion of curing {unknown}
 l - a potion of berserk rage {unknown}
 m - a potion of agility {unknown}
 o - 2 potions of cancellation {unknown}
 p - a potion of haste {unknown}
 s - 2 potions of lignification {unknown}
 v - a potion of brilliance {unknown}
Comestibles
 c - 2 meat rations
 d - 2 royal jellies


   Skills:
 - Level 3.2 Fighting
 + Level 5.3 Short Blades
 + Level 2.4 Armour
 + Level 3.7 Dodging
 + Level 3.0 Stealth


You had 4 spell levels left.
You didn't know any spells.

Dungeon Overview and Level Annotations

Branches:
Dungeon (2/15)

Altars:
Trog


Innate Abilities, Weirdness & Mutations

You are small and have problems with some larger weapons.
You are carnivorous and can eat meat at any time.


Message History

Trog accepts your kill.
You completely miss the gnoll. You hit the gnoll.
The gnoll is moderately wounded.
You are no longer berserk.
You are exhausted.
You feel yourself slow down. The gnoll hits you with a club.
You hit the gnoll.
The gnoll is severely wounded.
The gnoll barely misses you. The gnoll closely misses you. x2
You hit the gnoll.
The gnoll is severely wounded.
The gnoll hits you with a club.
The gnoll hits you from afar with a halberd.
* * * LOW HITPOINT WARNING * * *
You hit the gnoll.
The gnoll is almost dead.
The gnoll barely misses you.
The gnoll hits you from afar with a halberd!
You die...

##### ####### #...# #####
######.....####...# .....
...........'......# #####
######.....####...# #####.....#
#...########
########.....########..###.....##
.............'gg@).........[....>
######.......#########........<#.
# #.......# ## ############ #
#....#### .g## # #....# ..gg. ###
#....####..g).. # ..# #.....?.g.#
# ..####.......).# #
....##.....)...#


You could see 2 gnolls.

Vanquished Creatures
  A gnoll shaman (D:4)
  2 gnolls (D:4)
  4 adders (D:2)
  2 oozes
  A dart slug (D:1)
  A worm (D:4)
  4 leopard geckos (D:1)
  An orc (D:4)
  6 bats
  A giant cockroach (D:4)
  4 goblins
  4 hobgoblins
  4 jackals (D:2)
  4 kobolds
  2 rats (D:1)
41 creatures vanquished.

Notes
Turn   | Place    | Note
-------+----------+-------------------------------------------
     0 | D:1      | KristoblXynda the Kobold Berserker began the quest for the Orb.
     0 | D:1      | Reached XP level 1. HP: 14/14 MP: 1/1
   226 | D:1      | Reached XP level 2. HP: 13/19 MP: 2/2
   598 | D:1      | Reached skill level 1 in Stealth
   871 | D:1      | Reached XP level 3. HP: 14/23 MP: 3/3
  1361 | D:2      | Reached XP level 4. HP: 18/28 MP: 4/4
  1989 | D:2      | Found a bloodstained altar of Trog.
  2114 | D:2      | You fall through a shaft for 2 floors!
  2175 | D:4      | Found a bloodstained altar of Trog.
  2288 | D:4      | Reached skill level 5 in Short Blades
  2581 | D:4      | Reached ** piety under Trog
  2581 | D:4      | Reached XP level 5. HP: 32/32 MP: 5/5
  2595 | D:4      | Slain by a gnoll

Vault maps used:
D:1:      dpeg_chamrin_arrival_tetris
D:2:      nicolae_overflow_hidden_temple, chequers_ecumenical_altar_grove,
          bloody_trog
D:4:      overflow_temple_1_default, serial_curves, eino_curves_01,
          eino_curves_04, eino_curves_03, eino_curves_01,
          kennysheep_generic_room_6

Skill      XL: |  1  2  3  4  5 |
---------------+----------------+-----
Stealth        | 1 2 3 |  3.0
Dodging        | 3 |  3.7
Armour         | 2 |  2.4
Short Blades   | 5 |  5.3
Fighting       | |  3.2

Action                   |  1- 3 |  4- 6 || total
-------------------------+-------+-------++-------
Melee: Short sword       |    80 |    81 ||   161
Invok: Berserk           |       |     2 ||     2
 Stab: Sleeping          |     1 |     4 ||     5
  Eat: Chunk             |    10 |     4 ||    14
Armor: Animal skin       |    13 |     6 ||    19
Dodge: Dodged            |    47 |    69 ||   116

Table legend:
 A = Spawn XP
 B = Non-spawn XP
 C = Spawn XP percentage of total XP
 D = Spawn monster count
 E = Non-spawn monster count
 F = Spawn count percentage of total count
 G = Total turns spent on level
                    A         B        C        D         E        F      G
               +---------+---------+-------+---------+---------+-------+---------
         Total |       0 |     199 |   0.0 |       0 |      41 |   0.0 |  2595
               +---------+---------+-------+---------+---------+-------+---------
           D:1 |       0 |      39 |   0.0 |       0 |      19 |   0.0 |  1234
           D:2 |       0 |      76 |   0.0 |       0 |      15 |   0.0 |   880
           D:4 |       0 |      84 |   0.0 |       0 |       7 |   0.0 |   481
               +---------+---------+-------+---------+---------+-------+---------
